AoeStats
← 沐灵葵

Arena

506685407Analyzed
4v4 RM · 17d ago on Sep 14, 2026· 68m 33s· 8 players
Game mode
Random Map
Map size
Large (8 player)
Population
200
Speed
Normal
Resources
Standard
Victory
Conquest
Starting age
Dark Age
Ending age
Imperial Age
RankedLock teamsTeams togetherTeam positionsShared explorationLock speedFull tech treeHidden civsTurbo modeCheats
Victory
Defeat
🇵🇪 Persians · Peru
922
+14
🇹🇷 Turks · Türkiye
910
+15
🇪🇸 Britons · Spain
819
+19
🇨🇦 Byzantines · Canada
812
+19
🇩🇪 Gurjaras · Germany
1033
-23
🇹🇷 Britons · Türkiye
895
-17
🇨🇳 Aztecs · China
873
-16
🇨🇳 Turks · China
725
-11
1318882408
0:28 Loom
12:17 Feudal Age
16:23 Castle Age
14:27 Double-Bit Axe
14:41 Horse Collar
27:46 Wheelbarrow
31:32 Imperial Age
30:26 Fletching
30:52 Bloodlines
31:09 Padded Archer Armor
31:04 Bodkin Arrow
31:13 Husbandry
37:17 Gold Mining
37:40 Elite Elephant Archer
46:38 Town Watch
48:00 Frontier Guards
48:00 Conscription
51:23 Heavy Plow
51:35 Bow Saw
53:41 Light Cavalry
55:39 Hand Cart
55:44 Heavy Camel Rider
59:48 Scale Barding Armor
59:54 Forging
59:47 Hussar
61:34 Chain Barding Armor
63:07 Iron Casting
63:44 Plate Barding Armor
Lethe
0:27 Loom
12:10 Feudal Age
18:17 Castle Age
16:50 Stone Mining
17:14 Gold Mining
17:37 Double-Bit Axe
17:49 Horse Collar
20:30 Fletching
21:28 Bodkin Arrow
22:45 Pikeman
24:02 Padded Archer Armor
32:32 Imperial Age
31:10 Gold Shaft Mining
31:16 Heavy Plow
31:28 Bow Saw
32:06 Leather Archer Armor
32:15 Yeomen
34:20 Ring Archer Armor
33:51 Bracer
36:06 Two-Man Saw
35:37 Bracer
40:45 Wheelbarrow
39:56 Town Watch
40:30 Caravan
41:00 Warwolf
43:10 Ballistics
43:51 Chemistry
42:55 Town Patrol
43:11 Hand Cart
43:29 Coinage
43:35 Squires
43:50 Fortified Wall
44:11 Guilds
45:50 Banking
46:22 Halberdier
49:36 Elite Longbowman
沐灵葵
12:45 Feudal Age
14:19 Wheelbarrow
14:41 Scale Barding Armor
16:29 Double-Bit Axe
17:06 Horse Collar
17:23 Gold Mining
17:52 Stone Mining
25:06 Castle Age
24:47 Forging
24:51 Padded Archer Armor
24:44 Fletching
27:23 Heavy Plow
27:42 Hand Cart
29:23 Bow Saw
32:16 Imperial Age
33:21 Bodkin Arrow
33:41 Leather Archer Armor
34:28 Conscription
36:14 Elite Janissary
37:30 Caravan
37:43 Guilds
38:34 Thumb Ring
40:47 Masonry
41:59 Artillery
43:19 Ballistics
43:32 Architecture
42:58 Murder Holes
42:49 Treadmill Crane
43:22 Fortified Wall
61:42 Bracer
63:22 Ring Archer Armor
64:30 Two-Man Saw
64:30 Gold Shaft Mining
YuriPsychoControl
10:27 Feudal Age
15:16 Castle Age
13:21 Double-Bit Axe
14:01 Horse Collar
16:29 Wheelbarrow
21:42 Bow Saw
21:48 Scale Mail Armor
21:58 Forging
22:01 Eagle Warrior
23:09 Gold Mining
24:53 Chain Mail Armor
25:26 Squires
25:40 Forging
27:02 Iron Casting
26:34 Loom
27:37 Gold Shaft Mining
29:55 Arson
34:09 Imperial Age
33:58 Hand Cart
36:22 Blast Furnace
35:52 Plate Mail Armor
36:25 Blast Furnace
34:48 Elite Eagle Warrior
36:58 Atlatl
37:22 Garland Wars
37:58 Pikeman
45:27 Fortified Wall
46:17 Chemistry
47:22 Heavy Plow
47:36 Elite Jaguar Warrior
64:30 Atlatl
65:59 Elite Skirmisher
dark fader
0:46 Loom
11:26 Feudal Age
11:54 Double-Bit Axe
11:57 Horse Collar
13:06 Wheelbarrow
24:00 Castle Age
22:54 Fletching
23:15 Forging
23:32 Scale Mail Armor
23:32 Padded Archer Armor
23:52 Scale Barding Armor
24:52 Bodkin Arrow
25:34 Iron Casting
25:55 Bow Saw
26:01 Gold Mining
27:26 Heavy Plow
28:28 Chain Mail Armor
28:28 Leather Archer Armor
34:20 Stone Mining
35:06 Gold Shaft Mining
35:13 Gold Shaft Mining
35:08 Ballistics
34:29 Treadmill Crane
35:24 Chain Barding Armor
35:30 Leather Archer Armor
37:17 Stone Shaft Mining
36:06 Pikeman
36:46 Squires
36:32 Arson
36:32 Gambesons
36:07 Man-at-Arms
36:11 Elite Skirmisher
36:55 Husbandry
37:34 Hand Cart
40:47 Imperial Age
38:33 Greek Fire
38:38 Caravan
39:08 Coinage
38:10 Light Cavalry
38:18 Crossbowman
38:42 Long Swordsman
39:45 Thumb Ring
40:03 Murder Holes
40:19 Fortified Wall
39:59 Guard Tower
41:54 Conscription
42:11 Hoardings
42:18 Plate Barding Armor
42:52 Crop Rotation
43:24 Two-Man Saw
43:35 Elite Cataphract
44:26 Logistica
44:42 Fervor
44:33 Devotion
44:47 Halberdier
44:48 Two-Handed Swordsman
45:26 Heavy Camel Rider
46:44 Bracer
47:15 Plate Mail Armor
47:15 Ring Archer Armor
47:28 Ring Archer Armor
48:08 Chemistry
46:54 Arrowslits
46:38 Capped Ram
49:03 Arbalester
52:19 Siege Ram
57:35 Onager
59:18 Champion
DOLAREX
11:55 Feudal Age
10:13 Loom
10:27 Loom
10:36 Loom
12:59 Gold Mining
12:56 Double-Bit Axe
13:06 Horse Collar
16:53 Castle Age
19:43 Town Watch
22:53 Gold Shaft Mining
25:27 Imperial Age
25:28 Padded Archer Armor
48:55 Ballistics
50:41 Leather Archer Armor
58:57 Husbandry
62:16 Stone Mining
spreweel
0:58 Loom
10:43 Feudal Age
12:13 Wheelbarrow
11:28 Double-Bit Axe
11:24 Horse Collar
16:06 Gold Mining
18:59 Padded Archer Armor
21:22 Castle Age
20:17 Stone Mining
21:07 Scale Barding Armor
21:13 Forging
22:58 Heavy Plow
26:44 Fletching
29:44 Hand Cart
29:17 Town Watch
29:59 Bodkin Arrow
31:58 Chain Barding Armor
33:06 Gold Shaft Mining
34:12 Husbandry
34:33 Leather Archer Armor
37:17 Masonry
37:28 Ballistics
40:55 Imperial Age
38:38 Light Cavalry
39:33 Murder Holes
40:30 Iron Casting
42:13 Architecture
42:01 Bracer
43:49 Ring Archer Armor
45:03 Town Patrol
44:36 Elite Longbowman
45:54 Hoardings
50:05 Conscription
52:58 Yeomen
56:45 Plate Barding Armor
58:02 Pikeman
58:44 Squires
58:51 Scale Mail Armor
59:52 Blast Furnace
59:52 Halberdier
64:12 Chain Mail Armor
waltergriebenow
10:53 Feudal Age
12:34 Loom
15:52 Castle Age
13:41 Double-Bit Axe
14:27 Horse Collar
17:27 Forging
19:52 Scale Barding Armor
26:46 Fletching
30:42 Imperial Age
28:54 Bloodlines
30:02 Wheelbarrow
29:44 Husbandry
33:25 Heavy Plow
34:19 Light Cavalry
36:01 Heavy Camel Rider
36:09 Hussar
39:44 Conscription
40:36 Bow Saw
41:25 Chain Barding Armor
42:41 Hand Cart
42:13 Cavalier
43:44 Thumb Ring
43:00 Crossbowman
43:38 Bodkin Arrow
44:46 Crop Rotation
44:54 Plate Barding Armor
44:56 Iron Casting
44:22 Padded Archer Armor
44:51 Kamandaran
45:15 Ballistics
45:58 Chemistry
47:38 Savar
50:51 Blast Furnace
50:44 Elite Skirmisher
55:12 Gold Mining
56:01 Town Watch
61:52 Leather Archer Armor
62:54 Capped Ram
64:02 Siege Ram
69:09 Two-Man Saw
Connection lost

Rejoining the realm…

Still unreachable

The connection could not be restored.

Session expired

The server has moved on; the page needs a fresh start.